 Dungeon Crawl Stone Soup version 0.28-a0-1147-gc7b72d3202 (webtiles) character file.

Game seed: 13161969942362404337

61092 GordonOverkill the Severer (level 14, 0/129 HPs)
             Began as a Minotaur Cinder Acolyte on Dec 14, 2021.
             Was a Priest of Ignis.
             Killed by divine providence
             ... invoked by a sphinx
             ... summoned by Kirke
              (15 damage)
             ... on level 12 of the Dungeon.
             The game lasted 00:49:27 (30283 turns).

GordonOverkill the Severer (MiCA)                  Turns: 30283, Time: 00:49:28

Health: 0/129      AC: 15    Str: 24    XL:     14   Next: 59%
Magic:  14/14      EV: 13    Int: 13    God:    Ignis [***...]
Gold:   984        SH: 21    Dex: 13    Spells: 15/15 levels left

rFire   + + .      SeeInvis .   L - +3 broad axe (flame)
rCold   + . .      Faith    .   C - +0 tower shield
rNeg    . . .      Spirit   .   U - +2 scale mail {Will+}
rPois   .          Reflect  +   (helmet restricted)
rElec   .          Harm     .   b - +0 cloak
rCorr   .          Rampage  .   t - +2 pair of gloves
Will    ++...      Rnd*Tele +   K - +0 pair of boots
Stlth   ..........              w - amulet of reflection
HPRegen 0.31/turn               J - ring "Zileit Ziuc" {rF+ EV+4 Int+2 Dex+3}
MPRegen 0.14/turn               G - ring of protection from cold

@: hasted and slowed, unable to read
A: horns 2, retaliatory headbutt, agile 1, strong 1, teleportitis 1, inability
to read while threatened
a: Renounce Religion, Fiery Armour, Foxfire Swarm, Rising Flame


You were on level 12 of the Dungeon.
You worshipped Ignis.
Ignis was most pleased with you.
You visited 2 branches of the dungeon, and saw 18 of its levels.
You also visited: Sewer and Ossuary.

You collected 1200 gold pieces.
You spent 216 gold pieces at shops.

Inventory:

Hand Weapons
 L - a +3 broad axe of flaming (weapon)
Missiles
 p - 5 boomerangs (quivered)
 r - 58 poisoned darts
 y - a curare-tipped dart
Armour
 b - a +0 cloak (worn)
 i - a scarf of shadows
 t - a +2 pair of gloves (worn)
 C - a +0 tower shield (worn)
 K - a +0 pair of boots (worn)
 U - a +2 scale mail of willpower (worn)
Jewellery
 d - a ring of fire
 j - a ring of see invisible
 s - the ring "Azehe" {Ice Drain rElec Slay+4}
   (You found it on level 5 of the Lair of Beasts)

   [ring of ice]

   It enhances your ice magic.
   Slay:      It affects your accuracy & damage with ranged weapons and melee
   (+4).
   rF:        It makes you vulnerable to fire.
   rC:        It protects you from cold.
   rElec:     It insulates you from electricity.
   Drain:     It drains your maximum health when unequipped.
 w - an amulet of reflection (around neck)
 G - a ring of protection from cold (right hand)
 J - the ring "Zileit Ziuc" (left hand) {rF+ EV+4 Int+2 Dex+3}
   (You took it off a gnoll shaman on level 8 of the Dungeon)

   [ring of evasion]

   EV:        It affects your evasion (+4).
   Int:       It affects your intelligence (+2).
   Dex:       It affects your dexterity (+3).
   rF:        It protects you from fire.
Wands
 h - a wand of flame (29)
 n - a wand of iceblast (11)
 W - a wand of digging (5)
Scrolls
 k - 12 scrolls of teleportation
 m - 4 scrolls of fog
 E - a scroll of silence
 F - 2 scrolls of brand weapon
 H - 5 scrolls of fear
 I - 9 scrolls of identify
 M - 3 scrolls of magic mapping
 N - 3 scrolls of amnesia
 P - 3 scrolls of summoning
 Q - 4 scrolls of immolation
 X - a scroll of blinking
Potions
 c - a potion of heal wounds
 e - 3 potions of magic
 f - 5 potions of brilliance
 o - 4 potions of flight
 v - 3 potions of resistance
 x - 2 potions of ambrosia
 z - 3 potions of cancellation
 A - 2 potions of invisibility
 B - 11 potions of curing
 T - 2 potions of lignification
Miscellaneous
 S - a condenser vane (inert)


   Skills:
 - Level 13.0 Fighting
 - Level 16.6(18.0) Axes
 - Level 11.4(15.4) Maces & Flails
 - Level 13.0 Throwing
 - Level 5.0 Armour
 - Level 5.0 Dodging
 + Level 10.8 Shields
 - Level 1.0 Spellcasting
 - Level 2.1 Fire Magic
 - Level 3.0 Evocations


You had 15 spell levels left.
You didn't know any spells.
Your spell library contained the following spells:

 Spells                   Type           Power      Damage    Failure   Level
 Scorch                   Fire           12%        2d6       94%         2
 Shock                    Conj/Air       0%         1d3       99%         1
 Blink                    Tloc           0%         N/A       99%         2
 Ensorcelled Hibernation  Hex/Ice        0%         N/A       99%         2
 Sublimation of Blood     Necr           0%         N/A       99%         2
 Ignite Poison            Fire/Tmut/Pois 2%         N/A       100%        3
 Lesser Beckoning         Tloc           0%         N/A       100%        3
 Mephitic Cloud           Conj/Pois/Air  0%         N/A       100%        3
 Spider Form              Tmut/Pois      0%         N/A       100%        3
 Swiftness                Air            0%         N/A       100%        3
 Airstrike                Air            0%         N/A       100%        4
 Animate Dead             Necr           0%         N/A       100%        4
 Olgreb's Toxic Radiance  Pois           0%         N/A       100%        4
 Petrify                  Tmut/Erth      0%         N/A       100%        4
 Summon Lightning Spire   Summ/Air       0%         N/A       100%        4
 Borgnjor's Vile Clutch   Necr/Erth      0%         N/A       100%        5
 Fireball                 Conj/Fire      1%         3d3       100%        5
 Freezing Cloud           Conj/Ice/Air   0%         6-21      100%        5
 Irradiate                Conj/Tmut      0%         3d13      100%        5
 Lightning Bolt           Conj/Air       0%         1d11      100%        5
 Manifold Assault         Tloc           0%         N/A       100%        5
 Death Channel            Necr           0%         N/A       100%        6
 Starburst                Conj/Fire      1%         6d3       100%        6
 Ozocubu's Refrigeration  Ice            0%         4d5       100%        7
 Ignition                 Fire           3%         3d4       100%        8


Dungeon Overview and Level Annotations

Branches:
Dungeon (12/15)            Temple (0/1) D:4            Lair (6/6) D:10
 Shoals (0/4) Lair:2        Snake (0/4) Lair:4        Slime (0/5) Lair:5
    Orc (0/2) D:11          Sewer (visited)         Ossuary (visited)

Altars:
Vehumet

Shops:
D:2 (   D:5 =

Portals:
Gauntlet: D:12

Annotations:
D:10 4 runed translucent doors
D:12 Kirke
Lair:3 3 runed translucent doors, Lonelite's ghost, journeyman DECj


Innate Abilities, Weirdness & Mutations

You have a pair of horns on your head.
You reflexively headbutt those who attack you in melee.
You are agile. (Dex +2)
Your muscles are strong. (Str +2)
You are occasionally teleported next to monsters.
You sometimes lose the ability to read scrolls when taking damage.


Message History

The sphinx hits you but does no damage. x2; You block the sphinx's attack.
You block the hog's attack. The manticore bites you.
* * * LOW HITPOINT WARNING * * *
The manticore claws you!
* * * LOW HITPOINT WARNING * * *
The manticore misses you. Kirke gestures at you while chanting.
You feel as though you will be slow longer.
The sphinx barely misses you. You block the sphinx's attack.
The sphinx hits you but does no damage. The hog bites you but does no damage.
Unknown command.
You feel much better. You block the manticore's attack.
The manticore misses you.
The manticore claws you but does no damage.
Kirke closely misses you. The hog misses you. The sphinx hits you.
* * * LOW HITPOINT WARNING * * *
The sphinx hits you.
* * * LOW HITPOINT WARNING * * *
The sphinx hits you but does no damage. You block the manticore's attack.
The manticore claws you but does no damage. x2
Kirke points at you and mumbles some strange words.
You easily resist.
The hog bites you but does no damage.
You feel yourself speed up.
The sphinx mumbles some strange words.
You easily resist.
You block the hog's attack. The manticore closely misses you.
You block the manticore's attack. The manticore closely misses you.
Kirke hits you!
* * * LOW HITPOINT WARNING * * *
The sphinx mumbles some strange words.
You easily resist.
You feel much better. You block the hog's attack. The manticore bites you.
* * * LOW HITPOINT WARNING * * *
You block the manticore's attack. The manticore claws you!
* * * LOW HITPOINT WARNING * * *
Kirke mumbles some strange words.
Kirke flickers and vanishes!
Deactivating autopickup; reactivate with Ctrl-A.
The sphinx casts a spell.
Something smites you!
You die...

.<....(.>##..##.#
#.∩#......###.###.##.# .
.......... ..###.#..# ..
.........######....##
...##.......# ##..###
$...........#####.).#
..?....k............##
......{HH.......##...###
....#@....###...[#..#.
#...h.............#...
#..?....###...####.#...
...####... ###.# #.....
.. #.#.# #.## ##....
#.... #..#####...
##.#.###..........
...##...........
#..!...........


You could see a sphinx (summoned), a manticore (summoned), a lindwurm (summoned)
and a hog.

Vanquished Creatures
  Fannar (Lair:1)
  5 hydras
  A boulder beetle (D:10)
  3 two-headed ogres
  8 death yaks
  A bog body (Lair:2)
  An oklob plant (Lair:4)
  A moth of wrath (D:9)
  5 black mambas
  16 elephants
  A merfolk siren (Lair:2)
  2 gargoyles
  12 cane toads
  14 komodo dragons
  2 rime drakes
  An ice devil (Lair:2)
  A tengu conjurer (D:10)
  8 polar bears
  3 trolls
  Grinder (D:3)
  3 hornets (Lair:6)
  16 blink frogs
  2 dream sheep (Lair:6)
  Sigmund (D:6)
  12 spriggans (Lair:6)
  7 wyverns
  3 shadows
  3 wraiths
  2 hogs (D:12)
  5 basilisks
  2 steam dragons
  2 vampire mosquitoes (D:12)
  42 yaks
  2 nagas (Lair:4)
  19 water moccasins
  A warg (D:11)
  An acid dragon (D:7)
  Duvessa (D:4)
  7 orc warriors
  A sky beast (D:7)
  2 necrophages
  6 black bears
  2 ogres
  45 wolves
  4 boggarts (Lair:6)
  6 centaurs
  3 kobold brigands
  11 bullfrogs
  12 scorpions
  A wyvern zombie (D:9)
  A gnoll sergeant (D:11)
  2 water moccasin zombies
  Dowan (D:4)
  13 wights
  11 killer bees
  6 electric eels
  2 wandering mushrooms (Lair:5)
  5 centaur zombies
  4 howler monkeys
  A bullfrog zombie (D:6)
  4 hounds
  3 jellies
  3 orc priests
  A gnoll shaman (D:8)
  2 centaur skeletons (D:7)
  5 human zombies (Ossuary)
  4 iguanas
  Jessica (D:2)
  Terence (D:1)
  4 scorpion zombies (Ossuary)
  9 orc wizards
  3 mummies (Ossuary)
  13 adders
  24 gnolls
  7 river rats (Sewer)
  4 shadow imps
  An ufetubus (D:6)
  2 adder skeletons (D:4)
  2 worms (D:5)
  4 dart slugs
  27 orcs
  11 ball pythons
  2 bats
  3 endoplasms
  3 giant cockroaches
  7 hobgoblins
  3 jackals (D:1)
  2 quokkas
  3 frilled lizards
  2 goblins (D:1)
  3 goblin zombies (Ossuary)
  2 hobgoblin zombies (Ossuary)
  A jackal zombie (D:6)
  60 kobolds
  A kobold zombie (Ossuary)
  2 orc zombies
  21 rats
607 creatures vanquished.

Vanquished Creatures (collateral kills)
  A hornet (Lair:6)
1 creature vanquished.

Vanquished Creatures (others)
  A lindwurm (Lair:4)
  A gnoll (D:2)
  5 foxfires (D:2)
  38 fungi
  83 plants
  4 toadstools (D:1)
132 creatures vanquished.

Grand Total: 740 creatures vanquished

Notes
Turn   | Place    | Note
-------+----------+-------------------------------------------
     0 | D:1      | GordonOverkill the Minotaur Cinder Acolyte began the quest
                  | for the Orb.
     0 | D:1      | Reached XP level 1. HP: 19/19 MP: 1/1
   253 | D:1      | Reached XP level 2. HP: 27/27 MP: 2/2
   355 | D:1      | Reached skill level 4 in Axes
   596 | D:1      | Found a faded altar of an unknown god.
  1042 | D:2      | Noticed Terence
  1045 | D:2      | Reached skill level 1 in Throwing
  1065 | D:1      | Killed Terence
  1066 | D:1      | Reached XP level 3. HP: 19/34 MP: 3/3
  1324 | D:2      | Noticed a black bear
  1331 | D:2      | Killed a black bear
  1332 | D:2      | Reached skill level 5 in Fighting
  1332 | D:2      | Reached skill level 5 in Axes
  1332 | D:2      | Reached XP level 4. HP: 42/42 MP: 4/4
  1332 | D:2      | Reached XP level 5. HP: 48/48 MP: 5/5
  1520 | D:2      | Noticed Jessica
  1525 | D:2      | Killed Jessica
  1651 | D:2      | Gained mutation: You are frail. (-10% HP) [potion of
                  | mutation]
  1651 | D:2      | Gained mutation: You tend to lose your temper in combat.
                  | [potion of mutation]
  2044 | D:2      | Found Jatul's Antique Weapon Emporium.
  2716 | D:2      | Reached XP level 6. HP: 20/50 MP: 6/6
  3122 | D:3      | Reached skill level 1 in Maces & Flails
  3127 | D:3      | Noticed Grinder
  3142 | D:3      | Killed Grinder
  3143 | D:3      | Reached skill level 1 in Evocations
  3682 | D:4      | Reached XP level 7. HP: 53/56 MP: 7/7
  3874 | D:4      | Noticed Duvessa
  3874 | D:4      | Noticed Dowan
  4107 | D:4      | Killed Duvessa
  4258 | D:4      | Killed Dowan
  4786 | D:4      | Found a radiant altar of Vehumet.
  4817 | D:4      | Found a staircase to the Ecumenical Temple.
  4975 | D:5      | Entered Level 5 of the Dungeon
  5133 | D:5      | Reached skill level 5 in Maces & Flails
  5158 | D:5      | Found a glowing drain.
  5196 | Sewer    | Entered a sewer
  5318 | Sewer    | Gained mutation: You are occasionally teleported next to
                  | monsters. [potion of mutation]
  5318 | Sewer    | Gained mutation: You are agile. (Dex +2) [potion of
                  | mutation]
  5385 | Sewer    | Reached XP level 8. HP: 62/63 MP: 8/8
  6161 | D:5      | Found Wemow's Jewellery Shoppe.
  6714 | D:5      | Reached skill level 5 in Throwing
  7171 | D:2      | Bought a masterwork hand axe for 216 gold pieces
  7171 | D:2      | Identified the +5 hand axe of Destiny {vamp, rElec rC- rN+}
                  | (You bought it in a shop on level 2 of the Dungeon)
  7272 | D:6      | Found a sand-covered staircase.
  7284 | Ossuary  | Entered an ossuary
  7937 | Ossuary  | Reached XP level 9. HP: 55/72 MP: 9/9
  7973 | Ossuary  | Lost mutation: You tend to lose your temper in combat.
                  | [potion of mutation]
  7973 | Ossuary  | Lost mutation: You are frail. (-10% HP) [potion of
                  | mutation]
  7973 | Ossuary  | Gained mutation: Your muscles are strong. (Str +2) [potion
                  | of mutation]
  7973 | Ossuary  | Gained mutation: You sometimes lose the ability to read
                  | scrolls when taking damage. [potion of mutation]
  8395 | D:6      | Noticed Sigmund
  8415 | D:6      | Killed Sigmund
 10093 | D:6      | Reached skill level 10 in Maces & Flails
 10454 | D:7      | Noticed a gargoyle
 11367 | D:7      | Reached XP level 10. HP: 64/87 MP: 10/10
 12126 | D:7      | Killed a gargoyle
 12425 | D:8      | Identified the ring "Zileit Ziuc" {rF+ EV+4 Int+2 Dex+3}
 12437 | D:8      | Reached skill level 10 in Fighting
 13336 | D:9      | Reached skill level 1 in Armour
 13336 | D:9      | Reached skill level 1 in Dodging
 13352 | D:9      | Noticed a deep elf zephyrmancer
 13353 | D:9      | Noticed a moth of wrath
 13353 | D:9      | a deep elf zephyrmancer changed into a moth of wrath
 13363 | D:9      | Killed a moth of wrath
 13364 | D:9      | Reached skill level 6 in Axes
 13875 | D:9      | Reached XP level 11. HP: 98/99 MP: 11/11
 14416 | D:10     | Entered Level 10 of the Dungeon
 14772 | D:10     | Reached skill level 7 in Axes
 15059 | D:10     | Found a staircase to the Lair.
 15074 | D:10     | Noticed a two-headed ogre
 15105 | D:10     | Killed a two-headed ogre
 15425 | D:10     | Found a large runed translucent door.
 15425 | D:10     | Found a large runed translucent door.
 15588 | D:10     | Reached skill level 5 in Armour
 15641 | D:10     | Reached skill level 10 in Throwing
 15641 | D:10     | Reached skill level 5 in Dodging
 15654 | D:10     | Reached skill level 8 in Axes
 15986 | D:10     | Found a large runed translucent door.
 15986 | D:10     | Found a large runed translucent door.
 15989 | D:10     | Noticed a wizard
 16171 | D:10     | Reached skill level 9 in Axes
 16261 | D:10     | Noticed a two-headed ogre
 16262 | D:10     | Noticed a boulder beetle
 16266 | D:10     | Killed a two-headed ogre
 16272 | D:10     | Reached skill level 10 in Axes
 16285 | D:10     | Killed a boulder beetle
 16543 | D:10     | Identified the +4 rapier of Propriety {flame, Drain Will+
                  | rCorr}
 16930 | D:11     | Reached skill level 11 in Axes
 17449 | D:11     | Reached XP level 12. HP: 51/106 MP: 6/12
 17797 | D:11     | Found a staircase to the Orcish Mines.
 18001 | Lair:1   | Entered Level 1 of the Lair of Beasts
 18230 | D:10     | Reached skill level 12 in Axes
 18536 | Lair:1   | Noticed Fannar
 18560 | Lair:1   | Killed Fannar
 19765 | Lair:2   | Found a staircase to the Shoals.
 19889 | Lair:2   | Noticed a death yak
 20006 | Lair:1   | Killed a death yak
 20007 | Lair:1   | Reached skill level 13 in Axes
 20494 | Lair:2   | Noticed a death yak
 20516 | Lair:2   | Killed a death yak
 21017 | Lair:3   | Reached XP level 13. HP: 92/118 MP: 10/13
 21250 | Lair:3   | Reached skill level 14 in Axes
 21559 | Lair:3   | Found a runed translucent gate.
 21559 | Lair:3   | Found a runed translucent gate.
 21850 | Lair:3   | Found a runed translucent gate.
 21853 | Lair:3   | Noticed Lonelite's ghost (journeyman DECj)
 22406 | Lair:4   | Found a staircase to the Snake Pit.
 22833 | Lair:3   | Reached skill level 15 in Axes
 23090 | Lair:4   | Reached skill level 16 in Axes
 23794 | Lair:4   | Identified the +0 buckler of Hiluv {Dex+2}
 24099 | Lair:4   | Reached skill level 1 in Shields
 24853 | Lair:5   | Identified the ring "Azehe" {Ice Drain rElec Slay+4}
 25028 | Lair:5   | Found a staircase to the Slime Pits.
 25215 | Lair:6   | Entered Level 6 of the Lair of Beasts
 26058 | Lair:5   | Found a staircase to the Slime Pits.
 26377 | Lair:5   | Reached skill level 5 in Shields
 27058 | Lair:5   | Reached XP level 14. HP: 86/127 MP: 14/14
 29614 | Lair:6   | Reached skill level 10 in Shields
 30261 | D:12     | Found a gate leading to a gauntlet.
 30261 | D:12     | Noticed Kirke
 30270 | D:12     | Noticed a sphinx
 30273 | D:12     | Paralysed by a sphinx for 6 turns
 30283 | D:12     | Killed from afar by a sphinx

Illustrated notes

Levels and vault maps discovered:
D:1:      ldierk_water_garden, layout_basic, chequers_ecumenical_altar_grove,
          minmay_misc_feat_four_crosses
D:2:      layout_loops_corners, serial_shops, shop, lemuel_flame_loot_1,
          uniq_terence, uniq_jessica
D:3:      layout_rooms, nrook_mini_backslash, uniq_grinder
D:4:      layout_rooms, kennysheep_mini, temple_hall_moat,
          serial_bayou_crossing, uniq_duvessa
D:5:      layout_loops_corners, serial_shops, shop, cheibrodos_sewer_entry_bend,
          hangedman_decor_push, moated_statue
D:6:      minmay_goblin_kobold_castle, layout_basic, enter_ossuary_3,
          kennysheep_boxes, uniq_sigmund
D:7:      layout_loops_corners, kb_rosetta
D:8:      layout_basic
D:9:      layout_loops_ring, abandoned_shop, minmay_tree_intersection,
          minmay_librarian
D:10:     layout_basic, minmay_lair_entry_grove, minmay_hollow_rounded_squares
D:11:     layout_rooms, david_orc_1_choice
D:12:     layout_rooms, gauntlet_entry_generic, uniq_kirke
Lair:1:   layout_misc_corridors, uniq_fannar
Lair:2:   dreamdust_isle_of_ice, layout_long_grid,
          minmay_shoals_entry_lonely_mermaid
Lair:3:   layout_roguey, ebering_ghost_rock_garden
Lair:4:   layout_misc_corridors, guppyfry_snake_entry_garden, grunt_megastairs_2
Lair:5:   layout_misc_corridors, minmay_slime_entry_oklob_open, st_stairs_13
Lair:6:   minmay_lair_end_enchanted_forest, layout_loops_ring,
          grunt_megastairs_3

Skill      XL: |  1  2  3  4  5  6  7  8  9 10 11 12 13 14 |
---------------+-------------------------------------------+-----
Fighting       | 4 5 6 8 9 10 12 13 | 13.0
Axes           | 4 5 6 11 13 16 | 16.6
Throwing       | 1 2 3 4 5 7 9 10 11 12 13 | 13.0
Maces & Flails | 3 5 7 10 11 | 11.4
Evocations     | 1 2 3 |  3.0
Armour         | 3 5 |  5.0
Dodging        | 2 5 |  5.0
Shields        | 5 10 | 10.8
Spellcasting   | |  1.0
Fire Magic     | |  2.1

Action                   |  1- 3 |  4- 6 |  7- 9 | 10-12 | 13-15 || total
-------------------------+-------+-------+-------+-------+-------++-------
Melee: Hand axe          |    42 |    25 |       |     3 |       ||    70
       Headbutt          |     4 |    13 |   100 |   222 |   228 ||   567
       Whip              |       |    61 |   545 |   778 |   438 ||  1822
       Broad axe         |       |       |       |       |   364 ||   364
Throw: Boomerang         |    15 |    25 |       |    61 |    14 ||   115
       Dart              |       |    14 |    44 |    17 |       ||    75
Invok: Fiery Armour      |     2 |       |       |     2 |       ||     4
       Foxfire Swarm     |     1 |       |       |       |       ||     1
Evoke: Wand              |       |     3 |    10 |     5 |     4 ||    22
       Condenser vane    |       |       |       |     1 |     1 ||     2
  Use: Potion            |       |     2 |     5 |     5 |     8 ||    20
       Scroll            |       |       |    17 |     6 |     8 ||    31
 Stab: Invisible         |       |       |       |     2 |       ||     2
Armor: Robe              |    10 |       |       |       |       ||    10
       Chain mail        |    17 |    50 |   252 |     3 |       ||   322
       Plate armour      |       |       |       |   184 |       ||   184
       Scale mail        |       |       |       |    76 |   258 ||   334
Dodge: Dodged            |    23 |    25 |   168 |   261 |   372 ||   849
Block: Tower shield      |       |       |       |       |   483 ||   483
       Buckler           |       |       |       |       |    11 ||    11

Table legend: (Time is in decaauts)
 A = Elapsed time spent in this place.
 B = Non-inter-level travel time spent in this place.
 C = Inter-level travel time spent in this place.
 D = Time resting spent in this place.
 E = Time spent auto-exploring this place.
 F = Levels seen in this place.
 G = Mean time per level.
                   A        B        C        D        E       F      G
               +--------+--------+--------+--------+--------+-----+--------+
         Total |  29681 |  28422 |   1259 |  10603 |  12689 |  20 | 1484.1 |
       Dungeon |  16108 |  15183 |    925 |   4946 |   7572 |  12 | 1342.3 |
          Lair |  11636 |  11302 |    334 |   4757 |   4643 |   6 | 1939.3 |
         Sewer |    938 |    938 |      0 |    282 |    360 |   1 |  938.0 |
       Ossuary |    997 |    997 |      0 |    617 |    113 |   1 |  997.0 |
               +--------+--------+--------+--------+--------+-----+--------+

Top non-repeatable levels by time:
  Lair:5: 2959 daAuts
  Lair:6: 2603 daAuts
     D:6: 2449 daAuts
    D:10: 2433 daAuts
     D:2: 1843 daAuts
  Lair:3: 1828 daAuts
  Lair:2: 1691 daAuts
  Lair:4: 1579 daAuts
     D:7: 1490 daAuts
     D:1: 1324 daAuts
    D:11: 1196 daAuts
     D:9: 1170 daAuts
     D:4: 1095 daAuts
     D:5: 1088 daAuts
 Ossuary: 997 daAuts
